 Dungeon Crawl Stone Soup version 0.21.1-1-g345015f (console) character file.

53 erker the Changer (level 3, -8/23 HPs)
             Began as an Octopode Transmuter on June 26, 2018.
             Mangled by an ogre
             ... wielding a +0 giant spiked club
              (31 damage)
             ... on level 3 of the Dungeon.
             The game lasted 00:05:34 (1982 turns).

erker the Changer (Octopode Transmuter)             Turns: 1982, Time: 00:05:35

Health: -8/23      AC:  1    Str:  9    XL:     3   Next: 87%
Magic:  5/7        EV: 13    Int: 16    God:
Gold:   114        SH:  0    Dex: 12    Spells: 1/7 levels left

rFire    . . .     SeeInvis .     - Unarmed
rCold    . . .     Gourm    .   (no shield)
rNeg     + . .     Faith    .   (helmet restricted)
rPois    .         Spirit   .   (no amulet)
rElec    .         Reflect  .   k - ring of positive energy
rCorr    .         Harm     .   (no ring)
MR       .....                  (no ring)
Stlth    ++........             (no ring)
HPRegen  0.07/turn              (no ring)
MPRegen  0.10/turn              (no ring)
                                (no ring)
                                (no ring)

@: no status effects
A: almost no armour, stealthy swim, amphibious, 8 rings, constrict 8, camouflage
1, gelatinous body 1
a: no special abilities


You were on level 3 of the Dungeon.
You were not hungry.

You visited 1 branch of the dungeon, and saw 3 of its levels.

You collected 114 gold pieces.

Inventory:

Hand Weapons
 h - a +0 club
Missiles
 a - 62 arrows
 d - 46 bolts
Jewellery
 k - a ring of positive energy (left tentacle)
 n - a +2 ring of strength {unknown}
Scrolls
 e - 5 scrolls of identify {unknown}
 g - 3 scrolls of teleportation {unknown}
 i - a scroll of fear {unknown}
 l - a scroll of fog {unknown}
 p - 2 scrolls of enchant weapon {unknown}
 q - a scroll of amnesia {unknown}
Potions
 f - a potion of haste {unknown}
 j - a potion of flight {unknown}
 m - a potion of lignification {unknown}
 r - a potion of agility {unknown}
Books
 b - a book of Changes

   Spells                             Type                      Level
   a - Beastly Appendage              Transmutation                1
   b - Sticks to Snakes               Transmutation                2
   c - Spider Form                    Transmutation/Poison         3
   d - Ice Form                       Ice/Transmutation            4
   e - Blade Hands                    Transmutation                5
Comestibles
 c - 4 rations
 o - a chunk of flesh


   Skills:
 - Level 1.0 Fighting
 - Level 2.0 Dodging
 - Level 3.0 Unarmed Combat
 + Level 2.7 Spellcasting
 * Level 3.3 Transmutations
 * Level 0.6 Poison Magic


You had one spell level left.
You knew the following spells:

 Your Spells              Type           Power        Failure   Level  Hunger
a - Beastly Appendage     Tmut           ##....       4%          1    #......
s - Spider Form           Tmut/Pois      #.........   26%         3    ###....
t - Sticks to Snakes      Tmut           ##......     8%          2    ##.....


Dungeon Overview and Level Annotations

Branches:
Dungeon (3/15)

Altars:


Innate Abilities, Weirdness & Mutations

You cannot wear most types of armour.
You are very stealthy in the water. (Stealth+)
You are amphibious.
You can wear up to eight rings at the same time.
You can use your tentacles to constrict eight enemies at once.
Your skin changes colour to match your surroundings (Stealth+).
Your rubbery body absorbs attacks. (AC +1, EV +1)


Message History

Casting: Spider Form
Confirm with . or Enter, or press ? or * to list all spells.
You turn into a venomous arachnid creature.
Your transformation is almost over.
The ogre shouts!
You hit the ogre.
The ogre is poisoned.
The ogre is moderately wounded.
The ogre misses you.
You hit the ogre but do no damage.
The ogre is moderately wounded.
You hit the ogre.
The ogre looks as sick as possible!
The ogre is moderately wounded.
The ogre barely misses you.
Your transformation has ended.
Some of the chunks of flesh in your inventory have rotted away.
You tentacle-slap the ogre.
The ogre is almost dead.
The ogre hits you with a giant spiked club!!
Ouch! That really hurt!
You die...

##### #..[# #...# #...# #######
#...### #.....#
##################.....####.....#
............)...@...............#
.################O......###>....#
#........##.....#
#.....#.......... #########
#.....##.........
........###................
#........#..#........
#####....#+####...... #..###
##[†...


You could see an ogre.

Vanquished Creatures
  An ooze (D:2)
  4 dart slugs
  A leopard gecko (D:1)
  An orc (D:3)
  4 bats
  2 giant cockroaches (D:1)
  5 goblins
  4 hobgoblins
  7 frilled lizards
  3 kobolds
  8 rats
40 creatures vanquished.

Notes
Turn   | Place    | Note
-------+----------+-------------------------------------------
     0 | D:1      | erker the Octopode Transmuter began the quest for the Orb.
     0 | D:1      | Reached XP level 1. HP: 13/13 MP: 3/3
   225 | D:1      | Reached XP level 2. HP: 15/18 MP: 3/5
   559 | D:1      | Learned a level 2 spell: Sticks to Snakes
   669 | D:1      | Reached XP level 3. HP: 23/23 MP: 4/6
   689 | D:1      | Learned a level 3 spell: Spider Form
  1919 | D:3      | Noticed an ogre
  1982 | D:3      | Mangled by an ogre

Skill      XL: |  1  2  3 |
---------------+----------+-----
Transmutations | 3 |  3.3
Fighting       | |  1.0
Dodging        | |  2.0
Unarmed Combat | |  3.0
Spellcasting   | |  2.7
Poison Magic   | |  0.6

Action                   || total
-------------------------++-------
Melee: Unarmed           ||    67
       Kick              ||    19
       Constrict         ||    17
       Tentacles         ||    11
 Cast: Beastly Appendage ||    25
       Spider Form       ||     2
 Stab: Sleeping          ||     3
  Eat: Chunk             ||     4
Armor: Skin              ||     3
Dodge: Dodged            ||    28
